 Dungeon Crawl Stone Soup version 0.29.0-7-g18a832c13a (webtiles) character file.

Game seed: 18119209385526037207

1587 Sabo the Sneak (level 8, -2/51 HPs)
             Began as an Octopode Air Elementalist on Aug 30, 2022.
             Was an Initiate of Gozag.
             Engulfed by a steam dragon's steam (9 damage)
             ... on level 7 of the Dungeon.
             The game lasted 00:49:52 (8264 turns).

Sabo the Sneak (Octopode Air Elementalist)          Turns: 8264, Time: 00:49:53

Health: -2/51      AC:  1    Str:  7    XL:     8   Next: 92%
Magic:  22/24      EV: 14    Int: 20    God:    Gozag
Gold:   619        SH:  0    Dex: 18    Spells: 10/17 levels left

rFire   . . .      SeeInvis .   n - +2 war axe (elec)
rCold   . . .      Faith    .   (no shield)
rNeg    . . .      Spirit   .   (helmet restricted)
rPois   .          Reflect  .   (no amulet)
rElec   .          Harm     .   l - +6 ring of dexterity
rCorr   .          Rampage  .   f - ring of magical power
Will    .....                   B - +4 ring of slaying
Stlth   ++++......              (no ring)
HPRegen 0.17/turn               (no ring)
MPRegen 0.19/turn               (no ring)
                                (no ring)
                                (no ring)

@: no status effects
A: almost no armour, amphibious, 8 rings, camouflage 1, gelatinous body 1,
(nimble swimmer 1), tentacles
a: Renounce Religion, Potion Petition, Call Merchant, Bribe Branch


You were on level 7 of the Dungeon.
You worshipped Gozag.
Gozag was pleased with you.
You visited 1 branch of the dungeon, and saw 8 of its levels.

You collected 1908 gold pieces.
You spent 600 gold pieces at shops.
You paid 689 gold pieces to Gozag.

Inventory:

Hand Weapons
 n - a +2 war axe of electrocution (weapon)
 q - a +2 vorpal long sword
Missiles
 o - a boomerang
 p - 9 poisoned darts
 u - 5 atropa-tipped darts
Jewellery
 f - a ring of magical power (right tentacle)
 l - a +6 ring of dexterity (left tentacle)
 B - a +4 ring of slaying (on tentacle)
Wands
 g - a wand of digging (5)
Scrolls
 b - a scroll of summoning
 c - a scroll of noise {unknown}
 e - 2 scrolls of magic mapping
 h - 2 scrolls of teleportation
 j - 5 scrolls of enchant armour
 m - 3 scrolls of blinking
 s - a scroll of brand weapon {unknown}
 y - 2 scrolls of butterflies {unknown}
 z - 2 scrolls of amnesia
 A - a scroll of poison {unknown}
Potions
 a - a potion of magic
 d - a potion of curing
 i - 2 potions of resistance {unknown}
 k - 3 potions of heal wounds {unknown}
 r - a potion of brilliance {unknown}
 t - a potion of might {unknown}
 v - a potion of invisibility {unknown}
 w - 2 potions of flight {unknown}
 x - 3 potions of haste {unknown}


   Skills:
 + Level 2.7 Fighting
 + Level 1.9 Long Blades
 + Level 4.4 Axes
 + Level 2.9 Dodging
 + Level 5.5 Stealth
 + Level 5.0 Spellcasting
 + Level 4.3 Conjurations
 + Level 5.4 Air Magic


You had 10 spell levels left.
You knew the following spells:

 Your Spells              Type           Power      Damage    Failure   Level
a - Shock                 Conj/Air       96%        1d9       1%          1
b - Static Discharge      Conj/Air       24%        3-6/arc   2%          2
c - Airstrike             Air            13%        2d(2-18)  12%         4

Your spell library contained the following spells:

 Spells                   Type           Power      Damage    Failure   Level
 Swiftness                Air            26%        N/A       3%          3
 Beastly Appendage        Tmut           10%        N/A       12%         1
 Sandblast                Erth           10%        2d5       12%         1
 Stone Arrow              Conj/Erth      26%        3d8       14%         3
 Passwall                 Tmut/Erth      4%         N/A       17%         2
 Wereblood                Tmut           5%         N/A       17%         2
 Gell's Gravitas          Tloc           5%         N/A       34%         3
 Portal Projectile        Hex/Tloc       10%        N/A       34%         3
 Spider Form              Tmut/Pois      5%         N/A       34%         3
 Teleport Other           Tloc           5%         N/A       34%         3
 Tukima's Dance           Hex            5%         N/A       34%         3
 Blade Hands              Tmut           2%         N/A       97%         5
 Dispersal                Tloc           2%         N/A       100%        6
 Chain Lightning          Conj/Air       12%        3d16      100%        9
 Fire Storm               Conj/Fire      6%         8d2       100%        9
 Shatter                  Erth           2%         3d6*      100%        9


Dungeon Overview and Level Annotations

Branches:
Dungeon (8/15)             Temple (0/1) D:5
   Lair: D:8-11

Altars:
Ashenzari
Gozag
Uskayaw

Shops:
D:4 :


Innate Abilities, Weirdness & Mutations

You cannot wear most types of armour.
You are amphibious.
You can wear up to eight rings at the same time.
Your skin changes colour to match your surroundings (Stealth+).
Your rubbery body absorbs attacks. (AC +1, EV +1)
((You are camouflaged when in or above water. (Stealth+)))
You have tentacles for arms and can constrict up to eight enemies at once.


Message History

You see here a +0 giant club.
Found a stone staircase leading down.
A sourceless malevolence fills the Dungeon...
You fall into a shaft and drop 2 floors!
The shaft crumbles and collapses.
Found a stone staircase leading up.
There is a stone staircase leading up here.
You climb upwards.
There is a stone staircase leading down here.
Found 3 poisoned darts.
p - 9 poisoned darts (gained 3)
Found a fizzy orange potion.
A steam dragon comes into view.
The steam dragon hisses angrily.
Casting: Shock (safe; 1% risk of failure)
Confirm with . or Enter, or press ? or * to list all spells.
Aiming: Shock (safe; 1% risk of failure)
Press: ? - help, Shift-Dir - straight line, f - steam dragon
Aim: a steam dragon (74% to hit)
The zap hits the steam dragon.
The steam dragon is lightly wounded.
Casting: Shock (safe; 1% risk of failure)
Confirm with . or Enter, or press ? or * to list all spells.
Aiming: Shock (safe; 1% risk of failure)
Press: ? - help, Shift-Dir - straight line, f/p - steam dragon
Aim: a steam dragon (lightly wounded, 74% to hit)
The zap hits the steam dragon.
The steam dragon is moderately wounded.
The steam dragon breathes steam at you. The ball of steam hits you!!
You are engulfed in a cloud of scalding steam.
The steam dragon bites you!
* * * LOW HITPOINT WARNING * * *
The steam dragon claws you.
* * * LOW HITPOINT WARNING * * *
You barely miss the steam dragon.
The steam dragon is moderately wounded.
You are engulfed in a cloud of scalding steam.
You die...
Your body crumbles into a pile of gold.

.# ...#
.## .....
..# ....#
#.#.....#
#.#..!..#
#.......#
#.#.....#
#D# .D..#
#@# ...#
##§# ..#
##.§# .#
##..## #
#..##
##..##
##..#
##.# #.#
.#


You could see a steam dragon (catching breath).

Vanquished Creatures
  Sigmund (D:2)
  2 water moccasins
  The ghost of HypermagicGuardian the Trooper, an amateur MiAK of Lugonu (D:3)
  3 ogres
  A phantom (D:5)
  A bullfrog (D:4)
  A necrophage (D:5)
  2 scorpions
  2 hounds (D:4)
  A jelly (D:4)
  3 iguanas (D:5)
  4 orc wizards
  4 adders
  6 gnolls (D:4)
  A shadow imp (D:6)
  A white imp (D:5)
  2 ufetubi
  2 worms
  17 orcs
  6 bats
  3 endoplasms
  6 giant cockroaches
  12 goblins
  14 hobgoblins
  3 jackals (D:2)
  3 quokkas
  7 ball pythons
  4 frilled lizards
  17 kobolds
  5 rats
135 creatures vanquished.

Vanquished Creatures (collateral kills)
  3 gnolls (D:4)
  A worm (D:3)
4 creatures vanquished.

Vanquished Creatures (others)
  16 plants
16 creatures vanquished.

Grand Total: 155 creatures vanquished

Notes
Turn   | Place    | Note
-------+----------+-------------------------------------------
     0 | D:1      | Sabo the Octopode Air Elementalist began the quest for the
                  | Orb.
     0 | D:1      | Reached XP level 1. HP: 11/11 MP: 3/3
   306 | D:1      | Reached XP level 2. HP: 17/17 MP: 1/5
   350 | D:1      | Found a faded altar of an unknown god.
   421 | D:1      | Prayed at the altar of an unknown god.
   421 | D:1      | Became a worshipper of Gozag Ym Sagoz the Greedy
  1214 | D:1      | Identified a scroll of acquirement
  1398 | D:2      | Reached XP level 3. HP: 21/21 MP: 2/6
  2043 | D:2      | Noticed Sigmund
  2058 | D:2      | Killed Sigmund
  2059 | D:2      | Reached skill level 1 in Long Blades
  2059 | D:2      | Reached XP level 4. HP: 8/27 MP: 1/9
  2059 | D:2      | Reached XP level 5. HP: 9/32 MP: 1/10
  2411 | D:3      | Reached XP level 6. HP: 32/37 MP: 4/11
  3044 | D:3      | Found a runed translucent door.
  3056 | D:3      | Noticed HypermagicGuardian's ghost (amateur MiAK)
  3069 | D:3      | Killed HypermagicGuardian's ghost
  3089 | D:3      | Found a runed translucent door.
  4154 | D:4      | Reached skill level 1 in Axes
  4513 | D:4      | Reached XP level 7. HP: 40/42 MP: 12/12
  4650 | D:4      | Reached skill level 1 in Fighting
  5246 | D:4      | Learned a level 2 spell: Static Discharge
  5342 | D:4      | Found a broken altar of Ashenzari.
  5987 | D:4      | Acquired 805 gold pieces
  5993 | D:4      | Bought a book of Annihilations for 600 gold pieces
  6014 | D:4      | Found a hide-covered altar of Uskayaw.
  6522 | D:5      | Entered Level 5 of the Dungeon
  6528 | D:5      | Reached XP level 8. HP: 50/50 MP: 14/14
  7058 | D:5      | Learned a level 4 spell: Airstrike
  7169 | D:5      | Reached skill level 5 in Stealth
  7169 | D:5      | Reached skill level 5 in Air Magic
  7503 | D:5      | Found a staircase to the Ecumenical Temple.
  7957 | D:6      | Reached skill level 5 in Spellcasting
  8209 | D:6      | You fall into a shaft and drop 2 floors!
  8264 | D:7      | Engulfed by a steam dragon's steam

Illustrated notes

Levels and vault maps discovered:
D:1:      saegor_arrival_simple_d, layout_basic, nicolae_ecumenical_lake_church,
          serial_bayou, serial_bayou_shore_a, serial_bayou_pond_c,
          serial_bayou_pond_a, serial_bayou_lagoon_a
D:2:      layout_rooms, uniq_sigmund
D:3:      layout_basic, ebering_ghost_sewer_f, grunt_ministairs_13
D:4:      corexii_shantytown, layout_basic, amcnicky_altar_gilded,
          lemuel_doored_altar, serial_rivers, chequers_serial_rivers_large_b,
          chequers_serial_rivers_micro_a, chequers_serial_rivers_small_3,
          chequers_serial_rivers_micro_a, chequers_serial_rivers_micro_e,
          chequers_serial_rivers_small_b
D:5:      layout_rooms, minmay_temple_entry_trees
D:6:      layout_gridville, ebering_ghost_sewer_d, serial_shops, shop
D:7:      minmay_the_grid_octo_2x2 [minmay_the_grid_octo_fan_narrow,
          minmay_the_grid_octo_fat_diamond,
          minmay_the_grid_octo_tetromino_candy,
          minmay_the_grid_octo_prize_square_snowflake], layout_basic
D:8:      layout_basic, kennysheep_ying_yang

Skill      XL: |  1  2  3  4  5  6  7  8 |
---------------+-------------------------+-----
Stealth        | 3 4 5 |  5.5
Long Blades    | 1 |  1.9
Spellcasting   | 3 4 5 |  5.0
Conjurations   | 2 3 4 |  4.3
Air Magic      | 4 5 |  5.4
Axes           | 1 3 4 |  4.4
Fighting       | 2 |  2.7
Dodging        | |  2.9

Action                   |  1- 3 |  4- 6 |  7- 9 || total
-------------------------+-------+-------+-------++-------
Melee: Constrict         |     5 |     8 |    18 ||    31
       Short sword       |     2 |       |       ||     2
       Unarmed           |     1 |       |       ||     1
       Falchion          |    14 |     4 |       ||    18
       Tentacles         |     3 |     9 |    19 ||    31
       War axe           |       |    28 |    84 ||   112
       Punch             |       |     1 |       ||     1
 Cast: Shock             |    60 |    43 |    85 ||   188
Invok: Call Merchant     |       |       |     1 ||     1
  Use: Scroll            |     3 |     6 |     3 ||    12
       Potion            |       |     2 |       ||     2
 Stab: Sleeping          |       |     3 |    12 ||    15
       Distracted        |       |       |     1 ||     1
Armor: Skin              |     2 |       |     3 ||     5
Dodge: Dodged            |     8 |    16 |    59 ||    83
